 Dungeon Crawl Stone Soup version 0.27.1-34-g3ba077fa99 (webtiles) character file.

Game seed: 4864225968486952579

266 eruditious the Shield-Bearer (level 6, -1/49 HPs)
             Began as a Formicid Fighter on Jan 21, 2022.
             Slain by Blork the orc (5 damage)
             ... in the Ecumenical Temple.
             The game lasted 00:12:08 (2706 turns).

eruditious the Shield-Bearer (Formicid Fighter)     Turns: 2706, Time: 00:12:08

Health: -1/49      AC:  9    Str: 20    XL:     6   Next: 44%
Magic:  6/6        EV:  8    Int: 10    God:
Gold:   60         SH:  9    Dex: 10    Spells: 5/5 levels left

rFire    . . .     SeeInvis +   a - +1 war axe
rCold    . . .     Faith    .   c - +0 kite shield
rNeg     . . .     Spirit   .   z - +0 scale mail
rPois    +         Reflect  .   (helmet unavailable)
rElec    .         Harm     .   p - +1 cloak
rCorr    .         Rampage  .   (no gloves)
Will     .....                  (no boots)
Stlth    ..........             (no amulet)
HPRegen  0.16/turn              r - ring of poison resistance
MPRegen  0.10/turn              (no ring)

@: no status effects
A: permanent stasis, dig shafts and tunnels, antennae 3, four strong arms
a: Dig


You were in the Ecumenical Temple.
You visited 2 branches of the dungeon, and saw 5 of its levels.

You collected 60 gold pieces.

Inventory:

Hand Weapons
 a - a +1 war axe (weapon)
 b - a +0 hunting sling
 j - a +1 dagger of speed
 y - a +0 hand crossbow
Missiles
 h - 20 sling bullets
 k - 90 stones (quivered)
 q - 3 boomerangs
Armour
 c - a +0 kite shield (worn)
 p - a +1 cloak (worn)
 z - a +0 scale mail (worn)
Jewellery
 r - a ring of poison resistance (left hand)
Scrolls
 e - a scroll of holy word
 f - a scroll of enchant armour
 o - a scroll of fear
 x - a scroll of fog
Potions
 d - a potion of might
 g - a potion of brilliance {unknown}
 i - a potion of mutation {unknown}
 l - a potion of berserk rage {unknown}
 m - a potion of lignification {unknown}
 n - a potion of experience {unknown}
 s - 2 potions of cancellation
 t - a potion of haste {unknown}
 w - a potion of curing {unknown}


   Skills:
 + Level 4.6 Fighting
 + Level 3.5 Axes
 + Level 4.6 Armour
 + Level 5.0 Shields


You had 5 spell levels left.
You didn't know any spells.
Your spell library contained the following spells:

 Spells                   Type           Power      Damage    Failure   Level
 Conjure Flame            Conj/Fire      0%         6-21      100%        3
 Ignite Poison            Fire/Tmut/Pois 0%         N/A       100%        3
 Sticky Flame             Conj/Fire      0%         2d3       100%        4


Dungeon Overview and Level Annotations

Branches:
Dungeon (4/15)             Temple (1/1) D:4

Altars:
Ashenzari
Gozag
Hepliaklqana
Makhleb
Qazlal
Vehumet
Xom

Annotations:
Temple Blork the orc


Innate Abilities, Weirdness & Mutations

You cannot be hasted, slowed, berserked, paralysed or teleported.
You can dig through walls and to a lower floor.
You have a pair of large antennae on your head. (SInv)
Your four strong arms can wield two-handed weapons with a shield.


Message History

Blork the orc hits you with a +0 short sword!
Blork the orc barely misses you.
You hit Blork the orc.
Blork the orc is moderately wounded.
Blork the orc hits you with a +0 short sword!
Blork the orc points at you and mumbles some strange words.
The puff of flame hits you.
You hit Blork the orc but do no damage.
Blork the orc is moderately wounded.
Blork the orc casts a spell at you. The magic dart hits you.
Blork the orc closely misses you.
You closely miss Blork the orc.
Blork the orc is moderately wounded.
Blork the orc hits you with a +0 short sword!
* * * LOW HITPOINT WARNING * * *
Blork the orc hits you with a +0 short sword.
* * * LOW HITPOINT WARNING * * *
You barely miss Blork the orc.
Blork the orc is moderately wounded.
You block Blork the orc's attack.
Blork the orc hits you with a +0 short sword.
* * * LOW HITPOINT WARNING * * *
Blork the orc hits you with a +0 short sword.
* * * LOW HITPOINT WARNING * * *
Unknown command.
You closely miss Blork the orc.
Blork the orc is moderately wounded.
Blork the orc misses you. You block Blork the orc's attack.
You hit Blork the orc but do no damage.
Blork the orc is moderately wounded.
Blork the orc is no longer moving quickly.
You block Blork the orc's attack. x2
You barely miss Blork the orc.
Blork the orc is moderately wounded.
Blork the orc hits you but does no damage.
You block Blork the orc's attack.
You barely miss Blork the orc.
Blork the orc is moderately wounded.
Blork the orc hits you with a +0 short sword.
You die...

##.............
##......._...........
#....................
##......_..........⌠..
#.....................
#.....................
#.<...._.........⌠....
#............o........
#............@........
##......_..........⌠..
#....................
##...................
##......_...........
##.................
###......_........
###........_....


You could see Blork the orc.

Vanquished Creatures
  An ogre (D:4)
  10 adders
  5 dart slugs
  6 orcs
  5 endoplasms
  4 giant cockroaches
  14 goblins
  12 hobgoblins
  2 jackals (D:2)
  3 quokkas
  8 ball pythons
  A bat (D:2)
  3 frilled lizards (D:3)
  2 kobolds
  3 rats
79 creatures vanquished.

Notes
Turn   | Place    | Note
-------+----------+-------------------------------------------
     0 | D:1      | eruditious the Formicid Fighter began the quest for the
                  | Orb.
     0 | D:1      | Reached XP level 1. HP: 18/18 MP: 1/1
   114 | D:1      | Reached XP level 2. HP: 24/24 MP: 2/2
   601 | D:2      | Reached skill level 4 in Shields
   601 | D:2      | Reached XP level 3. HP: 28/29 MP: 3/3
   807 | D:2      | Reached XP level 4. HP: 35/37 MP: 4/4
   883 | D:2      | Found a faded altar of an unknown god.
  1324 | D:3      | Reached XP level 5. HP: 36/42 MP: 5/5
  2181 | D:4      | Noticed an ogre
  2330 | D:4      | Killed an ogre
  2331 | D:4      | Reached skill level 5 in Shields
  2331 | D:4      | Reached XP level 6. HP: 49/49 MP: 6/6
  2676 | D:4      | Found a staircase to the Ecumenical Temple.
  2677 | D:4      | Noticed Blork the orc
  2682 | Temple   | Entered the Ecumenical Temple
  2706 | Temple   | Slain by Blork the orc

Illustrated notes

Levels and vault maps discovered:
D:1:      lordsloth_arrival_two_stooges, layout_rooms, minmay_misc_feat_rugged
D:2:      layout_rooms, shapermc_ecumenical_altar_mp_highgroup
D:3:      kennysheep_the_goblin_king, layout_basic,
          chequers_serial_rivers_marsh, minmay_increasing_density
D:4:      layout_cave_pools, temple_statues, serial_rivers,
          chequers_serial_rivers_room_b, chequers_serial_rivers_large_b,
          chequers_serial_rivers_room_b, chequers_serial_rivers_marsh,
          chequers_serial_rivers_small_3, uniq_robin, uniq_blork_the_orc,
          uniq_menkaure
Temple:   compressed_dpeg_circular_temple

Skill      XL: |  1  2  3  4  5 |
---------------+----------------+-----
Shields        | 4 5 |  5.0
Fighting       | 4 |  4.6
Armour         | 4 |  4.6
Axes           | 3 |  3.5

Action                   |  1- 3 |  4- 6 || total
-------------------------+-------+-------++-------
Melee: War axe           |    67 |   160 ||   227
 Fire: Hunting sling     |       |    20 ||    20
Throw: Stone             |    35 |    75 ||   110
  Use: Scroll            |       |     8 ||     8
Armor: Scale mail        |    39 |    77 ||   116
Dodge: Dodged            |    32 |    43 ||    75
Block: Kite shield       |    48 |    89 ||   137
